 Dungeon Crawl Stone Soup version 0.21.1-1-g345015fe64 (webtiles) character file.

1157 Norrik the Fighter (level 8, -3/78 HPs)
             Began as a Minotaur Monk on Mar 24, 2018.
             Slain by an ice beast (14 damage)
             ... on level 5 of the Dungeon.
             The game lasted 00:10:48 (4296 turns).

Norrik the Fighter (Minotaur Monk)                  Turns: 4296, Time: 00:10:49

Health: -3/78      AC:  6    Str: 17    XL:     8   Next: 16%
Magic:  7/7        EV: 14    Int:  7    God:
Gold:   138        SH:  0    Dex: 14    Spells: 7/7 levels left

rFire    . . .     SeeInvis .   i - +1 short sword (elec)
rCold    . . .     Gourm    .   (no shield)
rNeg     . . .     Faith    .   l - +0 scale mail
rPois    .         Spirit   .   (helmet restricted)
rElec    .         Reflect  .   (no cloak)
rCorr    .         Harm     .   (no gloves)
MR       .....                  (no boots)
Stlth    ..........             (no amulet)
HPRegen  0.23/turn              (no ring)
MPRegen  0.10/turn              (no ring)

@: no status effects
A: retaliatory headbutt, horns 2
a: no special abilities


You were on level 5 of the Dungeon.
You were not hungry.

You visited 1 branch of the dungeon, and saw 5 of its levels.

You collected 138 gold pieces.

Inventory:

Hand Weapons
 a - a +0 spear
 i - a +1 short sword of electrocution (weapon)
 w - a +1 spear of flaming
Missiles
 d - 130 stones (quivered)
 s - 24 arrows
 v - 4 javelins
Armour
 l - a +0 scale mail (worn)
Jewellery
 j - an uncursed ring of wizardry {unknown}
Scrolls
 f - 2 scrolls of remove curse
 h - 2 scrolls of identify
 k - 2 scrolls of fear
 m - 3 scrolls of immolation {unknown}
 n - a scroll of teleportation {unknown}
 o - 2 scrolls of enchant weapon
 q - a scroll of magic mapping {unknown}
 x - 2 scrolls of noise {unknown}
 y - a scroll of random uselessness {unknown}
Potions
 b - 4 potions of curing
 e - a potion of haste {unknown}
 g - 3 potions of brilliance
 p - a potion of heal wounds {unknown}
 r - 2 potions of lignification {unknown}
 t - 2 potions of degeneration {unknown}
 u - a potion of resistance {unknown}
Comestibles
 c - 11 rations


   Skills:
 + Level 9.0 Fighting
 - Level 3.6 Polearms
 + Level 8.2 Dodging
 - Level 1.5 Stealth


You had 7 spell levels left.
You didn't know any spells.

Dungeon Overview and Level Annotations

Branches:
Dungeon (5/15)
 Temple: D:4-7

Altars:
Cheibriados
Elyvilon
Fedhas
Hepliaklqana
Makhleb
Nemelex Xobeh
Sif Muna
Vehumet
Xom


Innate Abilities, Weirdness & Mutations

You reflexively headbutt those who attack you in melee.
You have a pair of horns on your head.


Message History

* * * LOW HITPOINT WARNING * * *
Your scale mail prevents you from hitting the ice beast.
You headbutt the ice beast, but do no damage.
The ice beast is heavily wounded.
The ice beast hits you but does no damage. x2
Your scale mail prevents you from hitting the ice beast.
Your headbutt misses the ice beast.
The ice beast is heavily wounded.
The ice beast hits you.
* * * LOW HITPOINT WARNING * * *
The ice beast freezes you!
* * * LOW HITPOINT WARNING * * *
It was a potion of curing.
You feel better. The ice beast completely misses you.
You hit the ice beast.
The ice beast is heavily wounded.
The ice beast hits you.
* * * LOW HITPOINT WARNING * * *
The ice beast freezes you!
You die...

#.#.###.###.#######......
#.#.# #.#........##...... #
#.# #.#........##...... #.#.#
#.#........########
.#.###.###.#############
.........................
#.######.#.#####.##########...
.........#.#####.#######......
.>..).......Y@.........'......
........################......
.....?..# ####### .....Y..#
........# ........# ........#
........# #


You could see an ice beast.

Vanquished Creatures
  Grinder (D:4)
  Sigmund (D:4)
  An ogre (D:5)
  The ghost of deszczowiec the Caller, a weakling DrSu of Qazlal (D:4)
  A howler monkey (D:5)
  2 crimson imps (D:5)
  2 bullfrog zombies
  2 orc priests
  An iguana (D:4)
  Natasha (thrice) (D:2)
  A worker ant (D:5)
  A hound zombie (D:5)
  Robin (D:2)
  11 adders
  A gnoll (D:1)
  A shadow imp (D:3)
  An ooze (D:2)
  An adder skeleton (D:4)
  6 worms
  2 dart slugs
  7 leopard geckos
  15 orcs
  3 ball pythons
  6 giant cockroaches
  15 goblins
  6 hobgoblins
  9 jackals
  2 quokkas
  7 bats
  3 frilled lizards
  9 kobolds
  6 rats
129 creatures vanquished.

Notes
Turn   | Place    | Note
-------+----------+-------------------------------------------
     0 | D:1      | Norrik the Minotaur Monk began the quest for the Orb.
     0 | D:1      | Reached XP level 1. HP: 19/19 MP: 0/0
    30 | D:1      | Found a snail-covered altar of Cheibriados.
   223 | D:1      | Reached skill level 4 in Fighting
   223 | D:1      | Reached XP level 2. HP: 20/27 MP: 1/1
   616 | D:1      | Reached XP level 3. HP: 34/34 MP: 2/2
   866 | D:2      | Reached skill level 5 in Fighting
   866 | D:2      | Reached XP level 4. HP: 42/42 MP: 3/3
   953 | D:2      | Noticed Robin
   969 | D:2      | Killed Robin
  1128 | D:2      | Found a shimmering altar of Xom.
  1157 | D:2      | Reached skill level 5 in Dodging
  1208 | D:2      | Reached XP level 5. HP: 48/48 MP: 4/4
  1218 | D:2      | Noticed Natasha
  1224 | D:2      | Killed Natasha
  1233 | D:2      | Noticed Natasha
  1239 | D:2      | Killed Natasha
  1403 | D:2      | Noticed Natasha
  1405 | D:2      | Killed Natasha
  1405 | D:2      | Reached skill level 6 in Fighting
  1675 | D:3      | Noticed Grinder
  1706 | D:4      | Found a sparkling altar of Nemelex Xobeh.
  1707 | D:4      | Killed Grinder
  1707 | D:4      | Reached skill level 7 in Fighting
  1707 | D:4      | Reached XP level 6. HP: 6/60 MP: 5/5
  2315 | D:3      | Found a hazy altar of Hepliaklqana.
  2420 | D:3      | Reached XP level 7. HP: 63/66 MP: 6/6
  2435 | D:3      | Found a burning altar of Makhleb.
  2435 | D:3      | Found a deep blue altar of Sif Muna.
  2443 | D:3      | Found a blossoming altar of Fedhas.
  2454 | D:3      | Found a radiant altar of Vehumet.
  2456 | D:3      | Found a white marble altar of Elyvilon.
  3039 | D:4      | Noticed deszczowiec's ghost (weakling DrSu)
  3079 | D:4      | Killed deszczowiec's ghost
  3137 | D:4      | Noticed Sigmund
  3152 | D:4      | Killed Sigmund
  3152 | D:4      | Reached skill level 8 in Fighting
  3596 | D:5      | Entered Level 5 of the Dungeon
  3868 | D:5      | Reached XP level 8. HP: 62/75 MP: 7/7
  4281 | D:5      | Reached skill level 9 in Fighting
  4296 | D:5      | Slain by an ice beast

Skill      XL: |  1  2  3  4  5  6  7  8 |
---------------+-------------------------+-----
Fighting       | 4 5 7 8 9 |  9.0
Dodging        | 4 5 6 7 8 |  8.2
Polearms       | |  3.6
Stealth        | |  1.5

Action                   |  1- 3 |  4- 6 |  7- 9 || total
-------------------------+-------+-------+-------++-------
Melee: Spear             |    31 |       |       ||    31
       Headbutt          |     3 |    21 |    25 ||    49
       Short sword       |    28 |   137 |   145 ||   310
  Use: Scroll            |       |     4 |       ||     4
       Potion            |       |       |     1 ||     1
 Stab: Sleeping          |     4 |       |       ||     4
  Eat: Chunk             |       |     5 |     6 ||    11
Armor: Scale mail        |    12 |    55 |    56 ||   123
       Robe              |     3 |       |       ||     3
Dodge: Dodged            |    27 |    91 |   108 ||   226
